 Zot Defence DCSS version 0.15.2 (webtiles) character file.

222 Meenos the Fey Minotaur (level 5, -15/46 HPs)
             Began as a Minotaur Death Knight on Nov 4, 2017.
             Was a Believer of Yredelemnul.
             Demolished by a goliath beetle (23 damage)
             ... in the Realm of Zot (Scenario II: Battle Heart).
             The game lasted 00:29:47 (618 turns).

Meenos the Fey Minotaur (Minotaur Death Knight)      Turns: 618, Time: 00:29:51

HP -15/46        AC  3     Str 18      XL: 5   Next: 66%
MP   6/6         EV 11     Int  9      God: Yredelemnul [**....]
Gold 0           SH  0     Dex  9      Spells:  0 memorised,  4 levels left

rFire  . . .     SeeInvis .     a - +1 falchion
rCold  . . .     Clarity  .     b - +0 leather armour
rNeg   . . .     rCorr    .     (no shield)
rPois  .         rRot     .     (helmet restricted)
rElec  .         Spirit   .     (no cloak)
SustAb .         Warding  .     (no gloves)
rMut   .         Stasis   .     (no boots)
Gourm  .                        (no amulet)
MR     .....                    (no ring)
                                (no ring)

@: injury mirror, very slightly contaminated, hasted, very quick, not resistant
to hostile enchantments, very unstealthy
A: retaliatory headbutt, horns 2
a: Make oklob sapling, Make arrow trap, Make plant, Remove Curse, Make burning
bush, Animate Remains, Recall Undead Slaves, Injury Mirror, Renounce Religion


You were in the Realm of Zot.
You worshipped Yredelemnul.
Yredelemnul was pleased with you.
You were not hungry.

You visited 1 branch

Inventory:

Hand weapons
 a - a +1 falchion (weapon)
Armour
 b - a +0 leather armour (worn)
Comestibles
 d - a bread ration
Scrolls
 i - a scroll of blinking


   Skills:
 + Level 3.7 Fighting
 + Level 3.4 Long Blades
 + Level 2.4 Armour
 + Level 2.4 Dodging
 + Level 4.6 Invocations


You had 4 spell levels left.
You didn't know any spells.

Dungeon Overview and Level Annotations

Branches:
    Zot (1/1)

Altars:


Innate Abilities, Weirdness & Mutations

You reflexively headbutt those who attack you in melee.
You have a pair of horns on your head.


Message History

You barely miss the goliath beetle. You headbutt the goliath beetle.
The goliath beetle is moderately wounded.
You feel yourself speed up. The goliath beetle bites you!
* * * LOW HITPOINT WARNING * * *
You are very lightly contaminated with residual magic.
Use which ability? (? or * to list)
You offer yourself to Yredelemnul, and fill with unholy energy.
You barely miss the goliath beetle.
The goliath beetle is moderately wounded.
You hit the goliath beetle but do no damage.
The goliath beetle is moderately wounded.
The goliath beetle closely misses you.
You hit the goliath beetle.
The goliath beetle is moderately wounded.
You barely miss the goliath beetle.
The goliath beetle is moderately wounded.
The goliath beetle bites you!!
Ouch! That really hurt!
You die...
Your body rises from the dead as a mindless zombie.

.....▓ ▓∆▓∆▓∆▓▓▓∆▓∆▓∆▓ ▓.....
....▓▓ ▓∆∆∆∆∆▓ ▓∆∆∆∆∆▓ ▓▓....
▓▓▓▓▓ ▓▓▓▓▓▓▓▓▓▓▓▓▓▓▓ ▓▓▓▓▓ ▓▓.▓▓
▓▓...▓▓ ▓▓.....▓▓ ▓
▓▓▓▓▓▓▓.......▓▓▓▓▓▓▓ ▓
▓▓▓▓▓▓▓.......PPPP........▓▓▓▓▓▓▓
..........(.P^^^@B^^P..).........
......▓.......PPPPP.......▓......
......▓▓▓▓▓▓▓.......▓▓▓▓▓▓▓......
....▓▓▓ ▓▓.....▓▓ ▓▓▓.... ...▓▓
▓▓...▓▓ ▓▓... ..▓▓ ▓▓.▓▓ ▓▓.. ▓▓▓
▓▓▓ ▓▓▓ ▓ ▓


You could see a goliath beetle.

Vanquished Creatures
  A jelly (Zot)
  A worker ant (Zot)
  2 worms (Zot)
  A giant gecko (Zot)
  4 oozes (Zot)
  A hobgoblin (Zot)
  6 bats (Zot)
  2 giant newts (Zot)
  6 goblins (Zot)
  4 rats (Zot)
28 creatures vanquished.

Vanquished Creatures (collateral kills)
  A goblin (Zot)
  A kobold (Zot)
  3 rats (Zot)
5 creatures vanquished.

Vanquished Creatures (others)
  3 bat zombies (Zot)
  3 goblins (Zot)
  A giant newt zombie (Zot)
  6 goblin zombies (Zot)
  4 rats (Zot)
  2 rat zombies (Zot)
19 creatures vanquished.

Grand Total: 52 creatures vanquished

Notes
Turn   | Place    | Note
--------------------------------------------------------------
     0 | Zot      | Meenos, the Minotaur Death Knight, began the quest for the Orb.
     0 | Zot      | Reached XP level 1. HP: 18/18 MP: 1/1
   235 | Zot      | Reached skill level 3 in Invocations
   235 | Zot      | Reached XP level 2. HP: 22/25 MP: 1/2
   289 | Zot      | Reached XP level 3. HP: 9/30 MP: 2/4
   387 | Zot      | Reached skill level 4 in Invocations
   387 | Zot      | Reached XP level 4. HP: 17/38 MP: 1/5
   397 | Zot      | Reached XP level 5. HP: 23/45 MP: 2/6
   518 | Zot      | Acquired Yredelemnul's second power
   618 | Zot      | Demolished by a goliath beetle

Action                   |  1- 3 |  4- 6 || total
-------------------------+-------+-------++-------
Melee: Falchion          |    39 |    38 ||    77
Invok: Animate Remains   |     6 |     9 ||    15
       Injury Mirror     |       |     1 ||     1
 Abil: Make arrow trap   |     3 |     4 ||     7
       Make plant        |       |    11 ||    11
  Use: Potion            |     1 |     7 ||     8
